 Dungeon Crawl Stone Soup version 0.29-a0-613-gf2c431b9b9 (webtiles) character file.

Game seed: 1185631845464578393

35 sammy202020 the Skirmisher (level 3, -15/29 HPs)
             Began as a Demonspawn Berserker on June 16, 2022.
             Was a Follower of Trog.
             Demolished by an orc
             ... wielding a +2 hand axe of electrocution
              (19 damage)
             ... on level 2 of the Dungeon.
             The game lasted 00:01:43 (1239 turns).

sammy202020 the Skirmisher (Demonspawn Berserker)   Turns: 1239, Time: 00:01:44

Health: -15/29     AC: 10    Str: 17    XL:     3   Next: 16%
Magic:  3/3        EV:  3    Int: 10    God:    Trog [*.....]
Gold:   68         SH:  0    Dex: 12    Spells: 2/2 levels left

rFire   . . .      SeeInvis .   a - +0 hand axe
rCold   . . .      Faith    .   e - +0 kite shield
rNeg    . . .      Spirit   .   i - +0 plate armour
rPois   .          Reflect  +   (no helmet)
rElec   .          Harm     .   (no cloak)
rCorr   .          Rampage  .   (no gloves)
Will    .....                   (no boots)
Stlth   ..........              g - amulet of reflection
HPRegen 0.09/turn               (no ring)
MPRegen 0.08/turn               (no ring)

@: confused
A: ignite blood 1
a: Renounce Religion, Berserk


You were on level 2 of the Dungeon.
You worshipped Trog.
Trog was aware of your devotion.
You visited 1 branch of the dungeon, and saw 2 of its levels.

You collected 68 gold pieces.

Inventory:

Hand Weapons
 a - a +0 hand axe (weapon)
Armour
 e - a +0 kite shield (worn)
 h - a +0 leather armour
 i - a +0 plate armour (worn)
Jewellery
 g - an amulet of reflection (around neck)
Scrolls
 b - a scroll of teleportation
 c - a scroll of identify
 f - a scroll of fog


   Skills:
 * Level 3.5 Fighting
 * Level 3.1 Axes
 + Level 2.0 Armour
 + Level 2.0 Dodging
 + Level 0.5 Shields


You had 2 spell levels left.
You didn't know any spells.
Your spell library was empty.

Dungeon Overview and Level Annotations

Branches:
Dungeon (2/15)

Altars:

Annotations:
D:2 Terence


Innate Abilities, Weirdness & Mutations

Your demonic aura sometimes causes spilled blood to erupt in flames.


Message History

An orc comes into view. It is wielding a +0 mace.
The orc hits you with a +0 mace. The orc wizard casts a spell at you.
You are confused.
You are too confused!
You are too confused!
You are too confused!
You are too confused!
You are too confused!
You are too confused!
You are too confused!
You are too confused!
You are too confused!
You are too confused!
You are too confused!
You are too confused!
You are too confused!
You are too confused!
You are too confused!
You are too confused!
You are too confused!
You are too confused!
Unknown command.
Okay, then.
The orc hits you with a +0 mace.
The orc wizard hits you but does no damage.
You hit the orc wizard.
The orc wizard is moderately wounded.
You barely miss the orc. You barely miss Terence. You barely miss the orc.
Terence looks scornfully at you. Terence hits you with a +0 flail!
The orc wizard is engulfed in blazing flames.
You kill the orc wizard!
Trog accepts your kill.
Trog appreciates your killing of a magic user.
The orc hits you with a +2 hand axe of electrocution.
* * * LOW HITPOINT WARNING * * *
You are electrocuted!!
Ouch! That really hurt!
You die...

###..... # ##.# ##.##
#...# #...# #...## #....
# ######.o.#####.#
...............@.○......#
........#......o@o..o....
........ .......>.......#
#.....# ######...#####.#
#.....##.# #....?....#
#........ #...#######
#.....# #...# #.....#
#...# #.....####### ##.##
..[.........# #.######


You could see Terence and 4 orcs.

Vanquished Creatures
  An orc wizard (D:2)
  An adder (D:2)
  2 ball pythons
  3 bats
  2 endoplasms
  3 hobgoblins
  4 jackals (D:1)
  A quokka (D:1)
  A frilled lizard (D:1)
  3 kobolds
  2 rats (D:1)
23 creatures vanquished.

Notes
Turn   | Place    | Note
-------+----------+-------------------------------------------
     0 | D:1      | sammy202020 the Demonspawn Berserker began the quest for
                  | the Orb.
     0 | D:1      | Reached XP level 1. HP: 18/18 MP: 1/1
   409 | D:1      | Gained mutation: Your demonic aura sometimes causes spilled
                  | blood to erupt in flames. [demonic ancestry]
   409 | D:1      | Reached XP level 2. HP: 24/24 MP: 2/2
  1022 | D:2      | Found a faded altar of an unknown god.
  1188 | D:2      | Reached XP level 3. HP: 29/29 MP: 3/3
  1235 | D:2      | Noticed Terence
  1239 | D:2      | Demolished by an orc

Illustrated notes

Levels and vault maps discovered:
D:1:      co_arrival_random_square_maze, layout_loops_ring, amethyst_killhole
D:2:      layout_loops_cross, chequers_ecumenical_altar_simple_redux,
          serial_shops, shop, roderic_st_hans_cross, uniq_terence

Skill      XL: |  1  2 |
---------------+-------+-----
Axes           | 3 |  3.1
Armour         | 2 |  2.0
Dodging        | 2 |  2.0
Fighting       | |  3.5
Shields        | |  0.5

Action                   || total
-------------------------++-------
Melee: Hand axe          ||    66
  Use: Scroll            ||     3
Armor: Animal skin       ||     5
       Plate armour      ||    14
       Leather armour    ||     8
Dodge: Dodged            ||    24
Block: Kite shield       ||    63

Table legend: (Time is in decaauts)
 A = Elapsed time spent in this place.
 B = Non-inter-level travel time spent in this place.
 C = Inter-level travel time spent in this place.
 D = Time resting spent in this place.
 E = Time spent auto-exploring this place.
 F = Levels seen in this place.
 G = Mean time per level.
                   A        B        C        D        E       F      G
               +--------+--------+--------+--------+--------+-----+--------+
         Total |   1261 |   1248 |     13 |      0 |    998 |   2 |  630.5 |
       Dungeon |   1261 |   1248 |     13 |      0 |    998 |   2 |  630.5 |
               +--------+--------+--------+--------+--------+-----+--------+

Top non-repeatable levels by time:
     D:1: 1028 daAuts
     D:2: 233 daAuts
